 Dungeon Crawl Stone Soup version 0.31-a0-348-g810772c3d7 (webtiles) character file.

Game seed: 522177871821705232

6830 Bnni the Mimic (level 11, -3/90 HPs)
             Began as an Octopode Shapeshifter on July 23, 2023.
             Was an Initiate of Gozag.
             Slain by a killer bee (5 damage)
             ... on level 9 of the Dungeon.
             The game lasted 00:18:20 (8185 turns).

Bnni the Mimic (Octopode Shapeshifter)              Turns: 8185, Time: 00:18:21

Health: -3/90      AC:  9    Str: 20    XL:     11   Next: 5%
Magic:  20/20      EV: 15    Int: 17    God:    Gozag
Gold:   368        SH:  0    Dex: 16    Spells: 10/10 levels left

rFire   . .          .
                       - Unarmed
rCold   + + .        (shield currently unavailable)
rNeg    + + +        (helmet currently unavailable)
rPois   .            t - amulet of reflection
rElec   .            n - +6 ring of intelligence
rCorr   +            q - +5 ring of evasion
SInv    .            l - ring of magical power
Will    +....        x - ring of resist corrosion Stlth
                     r - ring of the Saviour {+Blink rC+ rN+++ rCorr Slay-2}
HPRegen 0.35/turn    A - ring of positive energy
MPRegen 0.17/turn    f - ring of Torila Udoll {rC+ Will+ rCorr Slay+4}
                     (no ring)

%: reflection
@: confused, snake-form, silenced, ambrosia-drunk, weakened, gold aura, hasted,
very quick
A: constrict, boosted hp, almost no armour, amphibious, 8 rings, large,
(camouflage 1), (gelatinous body 1), (nimble swimmer 1), (tentacles)
a: Begin Untransformation, Renounce Religion, Evoke Blink


You were on level 9 of the Dungeon.
You worshipped Gozag.
Gozag was aware of your devotion.
You were an enormous anaconda.
You visited 2 branches of the dungeon, and saw 10 of its levels.

You collected 922 gold pieces.
You spent 70 gold pieces at shops.
You paid 484 gold pieces to Gozag.

Inventory:

Hand Weapons
 d - a +0 sling of electrocution
Missiles
 g - 3 curare-tipped darts
 i - 9 poisoned darts
Jewellery
 f - the ring of Torila Udoll (on tentacle) {rC+ Will+ rCorr Slay+4}
   (You acquired it on level 9 of the Dungeon)

   [ring of slaying]

   Slay:      It affects your accuracy & damage with ranged weapons and melee
   (+4).
   rC:        It protects you from cold.
   rCorr:     It protects you from acid and corrosion.
   Will:      It increases your willpower.
 l - a ring of magical power (on tentacle)
 n - a +6 ring of intelligence (left tentacle)
 q - a +5 ring of evasion (right tentacle)
 r - the ring of the Saviour (on tentacle) {+Blink rC+ rN+++ rCorr Slay-2}
   (You acquired it on level 6 of the Dungeon)

   [ring of protection from cold]

   Slay:      It affects your accuracy & damage with ranged weapons and melee
   (-2).
   rC:        It protects you from cold.
   rN:        It renders you almost immune to negative energy.
   +Blink:    It lets you blink.
   rCorr:     It protects you from acid and corrosion.
 t - an amulet of reflection (around neck)
 x - a ring of resist corrosion (on tentacle)
 A - a ring of positive energy (on tentacle)
Talismans
 b - a beast talisman
 p - a serpent talisman
Wands
 y - a wand of paralysis (5)
Scrolls
 m - a scroll of fog
 s - a scroll of enchant armour
 v - a scroll of immolation {unknown}
 w - a scroll of noise {unknown}
 z - a scroll of poison {unknown}
 B - a scroll of enchant weapon {unknown}
 F - a scroll of fear {unknown}
Potions
 a - a potion of lignification
 e - a potion of enlightenment {unknown}
 j - a potion of attraction
 k - a potion of ambrosia
 o - a potion of berserk rage {unknown}
 u - 2 potions of invisibility {unknown}


   Skills:
 + Level 7.5 Fighting
 - Level 2.0 Dodging
 + Level 3.8 Stealth
 * Level 9.3 Unarmed Combat
 + Level 5.3 Evocations
 * Level 9.4 Shapeshifting


You had 10 spell levels left.
You didn't know any spells.
Your spell library contained the following spells:

 Spells                   Type           Power      Damage    Failure   Level
 Shock                    Conj/Air       0%         1d3       24%         1
 Cigotuvi's Dreadful Rot  Necr/Pois/Air  0%         N/A       34%         2
 Ensorcelled Hibernation  Hex/Ice        0%         N/A       34%         2
 Passwall                 Tmut/Erth      0%         N/A       34%         2
 Summon Guardian Golem    Hex/Summ       0%         N/A       56%         3
 Swiftness                Air            0%         N/A       56%         3
 Summon Mana Viper        Hex/Summ       0%         N/A       100%        5
 Conjure Ball Lightning   Conj/Air       0%         3x3d6     100%        6


Dungeon Overview and Level Annotations

Branches:
Dungeon (9/15)             Temple (1/1) D:7             Orc (0/2) D:9
   Lair: D:8-11

Altars:
Ashenzari
Cheibriados
Dithmenos
Fedhas
Gozag
Hepliaklqana
Kikubaaqudgha
Makhleb
Nemelex Xobeh
Okawaru
Qazlal
Ru
Trog
Uskayaw
Vehumet
Wu Jian
Xom
Yredelemnul
Zin
The Shining One

Shops:
D:1 !   D:2 (   D:9 (


Innate Abilities, Weirdness & Mutations

You are an enormous anaconda.
You have a powerful constriction melee attack.
Your maximum health is increased.
Your armour is entirely melded.
You are incapable of wielding weapons or throwing items.
You cannot wear most types of armour.
You are amphibious.
You can wear up to eight rings at the same time.
((Your skin changes colour to match your surroundings (Stealth+).))
((Your rubbery body absorbs attacks. (AC +1, EV +1)))
((You are camouflaged when in or above water. (Stealth+)))
((You have tentacles for arms and can constrict up to eight enemies at once.))


Message History

The gnoll bouda gazes fiercely through you!
You feel your attacks grow feeble.
The orc warrior struggles to escape constriction.
You hear a shout! x2
Okay, then.
As you read the scroll labelled JATIM MAXTIQ, it dissolves into smoke.
It was a scroll of fog.
You constrict the orc warrior!
You kill the orc warrior!
The centaur shoots an arrow.
The arrow hits you.
* * * LOW HITPOINT WARNING * * *
Unknown command.
As you read the scroll labelled BOKEGUHUDGH, it crumbles to dust.
A profound silence engulfs you.
It was a scroll of silence.
The centaur shoots an arrow.
The arrow hits you but does no damage.
The gnoll hits you from afar with a +0 spear.
* * * LOW HITPOINT WARNING * * *
You lash the gnoll bouda! You grab the gnoll bouda.
The gnoll bouda is moderately wounded.
You constrict the gnoll bouda. The gnoll hits you but does no damage.
The gnoll bouda barely misses you.
Unknown command.
You body-slam the centaur!!
The centaur is almost dead.
You constrict the gnoll bouda.
The centaur unwields a +0 shortbow.
The centaur barely misses you.
The centaur kicks you but does no damage.
You hit the killer bee.
The killer bee is moderately wounded.
You constrict the gnoll bouda. The gnoll misses you.
You block the killer bee's attack.
The gnoll bouda hits you with a +0 whip!
* * * LOW HITPOINT WARNING * * *
Unknown command.
It was a potion of ambrosia.
You are confused.
You feel invigorated.
You constrict the gnoll bouda. The centaur hits you.
* * * LOW HITPOINT WARNING * * *
The centaur closely misses you. The killer bee stings you.
You die...
Your body crumbles into a pile of gold.

...#..$..#$............####.####.
##$#[###.#.......).....# # #.
o..#..!..#...o.........# #.
#K.o..#oc....#..######.# #.
#.###.#.###g.#..# ... ... #..
..#......#..# .### ###.
.c.#.....#...#§{# .# #.
...#.###.#.gg#§g####...# # #.
...#. .#...#gcS§§....####.####.
..... ......§y§§§........°.....
.... ###...§§§§§.............. .#
..........#############.#
....#........# #.# ....#........#
#.# ....#........# #.#
.............# #.#
.............#############.#


You could see a centaur, a gnoll bouda, a killer bee and a gnoll.

Vanquished Creatures
  A two-headed ogre (D:9)
  Pikel (D:7)
  Joseph (D:8)
  A gargoyle (D:9)
  Psyche (D:9)
  A vampire (D:9)
  4 yaks (D:8)
  A steam dragon (D:7)
  A water moccasin (D:7)
  7 orc warriors
  An ice beast (D:7)
  3 sky beasts
  3 ogres (D:6)
  6 centaurs
  2 kobold brigands
  3 bullfrogs
  A gnoll sergeant (D:8)
  5 scorpions
  4 wights
  An electric eel (D:7)
  A howler monkey (D:9)
  A gnoll bouda (D:8)
  2 hounds
  7 orc priests
  2 jellies
  Terence (D:3)
  9 iguanas
  A sleepcap (D:6)
  6 orc wizards
  7 adders
  11 gnolls
  2 ufetubi (D:7)
  9 worms
  3 dart slugs
  39 orcs
  4 endoplasms
  4 giant cockroaches
  8 goblins
  9 hobgoblins
  13 quokkas
  5 ball pythons
  7 bats
  4 frilled lizards (D:1)
  6 kobolds
  6 rats
215 creatures vanquished.

Vanquished Creatures (others)
  A hornet (D:9)
1 creature vanquished.

Grand Total: 216 creatures vanquished

Notes
Turn   | Place    | Note
-------+----------+-------------------------------------------
     0 | D:1      | Bnni the Octopode Shapeshifter began the quest for the Orb.
     0 | D:1      | Reached XP level 1. HP: 13/13 MP: 1/1
   114 | D:1      | Reached XP level 2. HP: 18/18 MP: 2/2
   154 | D:1      | Found Viris's Distillery.
   550 | D:1      | Reached XP level 3. HP: 23/23 MP: 3/3
   668 | D:1      | Bought a potion of heal wounds for 70 gold pieces
   918 | D:2      | Found Necia's Weapon Emporium.
  1034 | D:2      | Reached XP level 4. HP: 28/29 MP: 4/4
  1707 | D:3      | Noticed Terence
  1713 | D:3      | Killed Terence
  1873 | D:3      | Reached XP level 5. HP: 34/34 MP: 5/5
  1969 | D:3      | Got the Precepts of United Haze
  2304 | D:3      | Identified a scroll of acquirement
  2518 | D:4      | Reached XP level 6. HP: 41/41 MP: 6/6
  3056 | D:5      | Entered Level 5 of the Dungeon
  3151 | D:5      | Reached skill level 5 in Shapeshifting
  3151 | D:5      | Reached XP level 7. HP: 44/46 MP: 7/7
  3171 | D:5      | Reached skill level 5 in Unarmed Combat
  3622 | D:5      | Found a basalt altar of Yredelemnul.
  3630 | D:5      | Found an iron altar of Okawaru.
  3633 | D:5      | Found a hazy altar of Hepliaklqana.
  3882 | D:6      | Reached XP level 8. HP: 41/54 MP: 8/8
  4353 | D:6      | Reached skill level 5 in Fighting
  4706 | D:6      | Acquired the ring of the Saviour {+Blink rC+ rN+++ rCorr
                  | Slay-2}
  4775 | D:7      | Reached XP level 9. HP: 53/61 MP: 9/9
  4818 | D:7      | Reached skill level 1 in Evocations
  5271 | D:7      | Found a burning altar of Makhleb.
  5358 | D:7      | Found a staircase to the Ecumenical Temple.
  5365 | Temple   | Entered the Ecumenical Temple
  5434 | Temple   | Became a worshipper of Gozag Ym Sagoz the Greedy
  5548 | D:7      | Noticed Pikel
  5554 | D:7      | Killed Pikel
  6242 | D:8      | Reached XP level 10. HP: 55/69 MP: 10/10
  6602 | D:8      | Noticed Joseph
  6613 | D:8      | Killed Joseph
  7317 | D:9      | Found Juel's Antique Weapon Shoppe.
  7341 | D:9      | Noticed a two-headed ogre
  7364 | D:9      | Killed a two-headed ogre
  7512 | D:9      | Found a staircase to the Orcish Mines.
  7608 | D:9      | Noticed a gargoyle
  7618 | D:9      | Killed a gargoyle
  7619 | D:9      | Reached skill level 5 in Evocations
  7804 | D:9      | Identified the +1 whip of Bloodstone {heavy, rF++ rC-
                  | Dex+3}
  7813 | D:9      | Noticed a six-headed hydra
  8116 | D:9      | Paralysed by a hornet for 2 turns
  8121 | D:9      | Noticed Psyche
  8127 | D:9      | Killed Psyche
  8132 | D:9      | Reached XP level 11. HP: 39/75 MP: 11/11
  8173 | D:9      | Acquired the ring of Torila Udoll {rC+ Will+ rCorr Slay+4}
  8185 | D:9      | HP: 2/90 [centaur (6)]
  8185 | D:9      | Slain by a killer bee

Illustrated notes

Levels and vault maps discovered:
D:1:      erik_arrival_orb_chamber, layout_basic, serial_shops, shop,
          nicolae_concentric_dashed_squares_mild, grunt_decor_junction
D:2:      layout_basic, serial_shops, nicolae_shop_bloodbath_and_beyond,
          minmay_diced_spiral
D:3:      layout_loops_cross, minmay_splitting_lines, uniq_terence
D:4:      layout_basic, reono_crystal_passage, corexii_corridor_pit,
          nicolae_wormholes
D:5:      layout_basic, minmay_overflow_temple_star_quad
D:6:      layout_loops_corners, nicolae_titane
D:7:      cheibrodos_helix_gallery, layout_basic, kennysheep_mini_moat,
          minmay_temple_entry_statues_pillars, skrybe_limestone_x, uniq_pikel
D:8:      layout_basic, roderic_lattice_a, bh_walls_and_bars, uniq_joseph
D:9:      hangedman_cross_stitches, layout_long_grid,
          nicolae_sif_muna_little_library, david_orc_5, serial_shops, shop,
          lemuel_flamethrower_2, uniq_erolcha, uniq_psyche
Temple:   minmay_temple_bridge_d

Skill      XL: |  1  2  3  4  5  6  7  8  9 10 |
---------------+-------------------------------+-----
Unarmed Combat | 4 5 6 7 9 |  9.3
Fighting       | 2 3 4 5 6 7 |  7.5
Shapeshifting  | 4 5 7 8 9 |  9.4
Evocations     | 3 5 |  5.3
Stealth        | 3 |  3.8
Dodging        | |  2.0

Action                     |  1- 3 |  4- 6 |  7- 9 | 10-12 || total
---------------------------+-------+-------+-------+-------++-------
  Melee: Unarmed           |    17 |    24 |   205 |   165 ||   411
         Constrict         |     6 |     7 |    37 |    31 ||    81
         Tentacles         |     2 |     8 |     3 |       ||    13
         Punch             |     1 |       |       |       ||     1
   Fire: Sling             |    80 |   132 |    27 |       ||   239
  Throw: Dart              |       |     1 |       |     1 ||     2
 Invoke: Potion Petition   |       |       |       |     1 ||     1
Ability: Begin Untransform |       |       |       |     1 ||     1
  Evoke: Wand              |       |       |       |     4 ||     4
    Use: Scroll            |       |     5 |     4 |     5 ||    14
         Potion            |       |       |     1 |     6 ||     7
   Stab: Sleeping          |       |       |     4 |     1 ||     5
         Invisible         |       |       |       |     3 ||     3
 Armour: Skin              |     8 |     1 |    54 |    28 ||    91
  Dodge: Dodged            |    25 |    22 |   117 |   101 ||   265
  Block: Other             |       |       |    35 |    26 ||    61
         Reflection        |       |       |     1 |     4 ||     5
   Form: Anaconda          |       |       |     1 |     1 ||     2

Table legend: (Time is in decaauts)
 A = Elapsed time spent in this place.
 B = Non-inter-level travel time spent in this place.
 C = Inter-level travel time spent in this place.
 D = Time resting spent in this place.
 E = Time spent auto-exploring this place.
 F = Levels seen in this place.
 G = Mean time per level.
                   A        B        C        D        E       F      G
               +--------+--------+--------+--------+--------+-----+--------+
         Total |   8208 |   7886 |    322 |   1070 |   5386 |  10 |  820.8 |
       Dungeon |   8070 |   7884 |    186 |   1070 |   5386 |   9 |  896.7 |
        Temple |    138 |      2 |    136 |      0 |      0 |   1 |  138.0 |
               +--------+--------+--------+--------+--------+-----+--------+

Top non-repeatable levels by time:
     D:7: 1143 daAuts
     D:9: 1073 daAuts
     D:8: 1056 daAuts
     D:1: 898 daAuts
     D:6: 881 daAuts
     D:2: 809 daAuts
     D:5: 791 daAuts
     D:4: 767 daAuts
     D:3: 646 daAuts
  Temple: 138 daAuts
